 Dungeon Crawl Stone Soup version 0.28.0-53-g5a82cb258f (webtiles) character file.

Game seed: 4996727086223157652

254 Zeld the Chopper (level 5, 0/48 HPs)
             Began as a Minotaur Berserker on May 22, 2022.
             Was a Believer of Trog.
             Slain by an ufetubus (4 damage)
             ... on level 4 of the Dungeon.
             The game lasted 00:02:01 (3505 turns).

Zeld the Chopper (Minotaur Berserker)               Turns: 3505, Time: 00:02:02

Health: 0/48       AC:  2    Str: 23    XL:     5   Next: 91%
Magic:  4/4        EV: 12    Int:  4    God:    Trog [**....]
Gold:   96         SH:  0    Dex: 10    Spells: 4/4 levels left

rFire   . . .      SeeInvis .   a - +2 hand axe (venom)
rCold   . . .      Faith    .   (no shield)
rNeg    . . .      Spirit   .   b - +0 animal skin
rPois   .          Reflect  .   (helmet restricted)
rElec   .          Harm     .   (no cloak)
rCorr   .          Rampage  .   (no gloves)
Will    .....                   (no boots)
Stlth   +.........              (no amulet)
HPRegen 0.16/turn               (no ring)
MPRegen 0.09/turn               (no ring)

@: confused
A: horns 2, retaliatory headbutt
a: Renounce Religion, Berserk, Trog's Hand


You were on level 4 of the Dungeon.
You worshipped Trog.
Trog was pleased with you.
You visited 1 branch of the dungeon, and saw 4 of its levels.

You collected 96 gold pieces.

Inventory:

Hand Weapons
 a - a +2 hand axe of venom (weapon)
Armour
 b - a +0 animal skin (worn)
Jewellery
 p - a ring of flight
Scrolls
 c - a scroll of noise {unknown}
 d - a scroll of fog {unknown}
 g - 3 scrolls of identify {unknown}
 i - a scroll of silence {unknown}
 l - a scroll of enchant weapon {unknown}
 m - 2 scrolls of immolation {unknown}
Potions
 e - a potion of resistance {unknown}
 f - a potion of cancellation {unknown}
 h - a potion of heal wounds {unknown}
 j - 4 potions of curing {unknown}
 k - 2 potions of mutation {unknown}
 n - a potion of invisibility {unknown}
 o - a potion of might {unknown}


   Skills:
 * Level 5.5 Fighting
 * Level 5.5 Axes
 + Level 3.6 Armour
 + Level 3.3 Dodging


You had 4 spell levels left.
You didn't know any spells.
Your spell library was empty.

Dungeon Overview and Level Annotations

Branches:
Dungeon (4/15)
 Temple: D:4-7

Altars:

Annotations:
D:4 Dowan, Duvessa, Sigmund


Innate Abilities, Weirdness & Mutations

You have a pair of horns on your head.
You reflexively headbutt those who attack you in melee.


Message History

The ball python hisses angrily.
The ball python closely misses you. You furiously retaliate!
You headbutt the ball python.
You kill the ball python!
Trog accepts your kill.
Found a ball python corpse.
There is a stone staircase leading up here.
You see here a ball python corpse.
You start resting.
You hear the slow rusting of a very distant drain.
Found a book of Geomancy.
You start resting.
Sigmund and an iguana come into view.
Sigmund is wielding a +0 scythe and wearing a +2 robe of willpower.
Sigmund shouts!
The iguana hisses angrily.
Sigmund casts a spell at you. The magic dart hits you!
An ufetubus comes into view.
A dart slug comes into view.
The ufetubus shouts!
Sigmund breathes a few words.
Sigmund's hands start flickering wildly.
The iguana bites you!
* * * LOW HITPOINT WARNING * * *
The ufetubus hits you but does no damage.
The ufetubus closely misses you.
There is a stone staircase leading up, spattered with blood here.
The ufetubus hits you but does no damage.
The ufetubus barely misses you. Sigmund gestures at you while chanting.
You are confused.
The iguana barely misses you.
In your confused state, you trip and fall back down the stairs.
* * * LOW HITPOINT WARNING * * *
The ufetubus hits you.
* * * LOW HITPOINT WARNING * * *
The ufetubus misses you. The iguana misses you. The ufetubus hits you.
* * * LOW HITPOINT WARNING * * *
The ufetubus hits you.
You die...

#########
#.......#
#.......#
#.......#
#.†.....#
#.@.....#
#.5l.@..#
#.w......#
#........#
............#
:#.####.###...
#... #.. ##.#
##. #### ...
#.


You could see Sigmund, an iguana, a dart slug and an ufetubus.

Vanquished Creatures
  An ogre (D:3)
  An orc priest (D:3)
  3 gnolls (D:3)
  2 adders
  A worm (D:2)
  3 dart slugs
  10 orcs (D:3)
  11 bats
  8 endoplasms
  A giant cockroach (D:1)
  12 goblins
  6 hobgoblins
  A quokka (D:1)
  5 ball pythons
  3 frilled lizards
  8 rats
76 creatures vanquished.

Notes
Turn   | Place    | Note
-------+----------+-------------------------------------------
     0 | D:1      | Zeld the Minotaur Berserker began the quest for the Orb.
     0 | D:1      | Reached XP level 1. HP: 19/19 MP: 0/0
   367 | D:1      | Reached XP level 2. HP: 27/27 MP: 1/1
   899 | D:1      | Reached XP level 3. HP: 32/33 MP: 2/2
   975 | D:1      | Reached ** piety under Trog
  1903 | D:3      | Reached XP level 4. HP: 19/39 MP: 3/3
  2314 | D:3      | Reached skill level 5 in Fighting
  2314 | D:3      | Reached skill level 5 in Axes
  2314 | D:3      | Reached XP level 5. HP: 29/48 MP: 4/4
  2921 | D:3      | Noticed an ogre
  2932 | D:3      | Killed an ogre
  3412 | D:4      | Noticed Duvessa
  3412 | D:4      | Noticed Dowan
  3497 | D:4      | Noticed Sigmund
  3505 | D:4      | Slain by an ufetubus

Illustrated notes

Levels and vault maps discovered:
D:1:      saegor_arrival_under_anarchy, layout_basic, minmay_misc_feat_x
D:2:      layout_basic, kennysheep_generic_room_16
D:3:      kennysheep_six_static_rooms, layout_loops_corners,
          minmay_ogre_servants
D:4:      layout_rooms, minmay_temple_entry_wispy, gup_sewer_entry_bowl,
          minmay_misc_feat_columns, kennysheep_path_1, uniq_sigmund,
          uniq_crazy_yiuf_cottage, uniq_duvessa, uniq_natasha, uniq_pikel

Skill      XL: |  1  2  3  4 |
---------------+-------------+-----
Fighting       | 4 5 |  5.5
Axes           | 4 5 |  5.5
Armour         | 3 |  3.6
Dodging        | 3 |  3.3

Action                   |  1- 3 |  4- 6 || total
-------------------------+-------+-------++-------
Melee: Hand axe          |    82 |    44 ||   126
       Headbutt          |    12 |     2 ||    14
Invok: Berserk           |       |     2 ||     2
 Stab: Sleeping          |     1 |       ||     1
Armor: Animal skin       |    24 |     5 ||    29
Dodge: Dodged            |    62 |    28 ||    90
